 Seeded DCSS version 0.32-a0-918-g0f22ef8d61 (webtiles) character file.

Game seed: 202404112 (custom seed)

116 Orlauf the Chopper (level 4, -3/35 HPs)
             Began as a Demonspawn Gladiator on Apr 11, 2024.
             Incinerated by a bombardier beetle (6 damage)
             ... with a burning spray
             ... on level 3 of the Dungeon.
             The game lasted 00:02:46 (1671 turns).

Orlauf the Chopper (Demonspawn Gladiator)           Turns: 1671, Time: 00:02:47

Health: -3/35      AC: 12    Str: 16    XL:     4   Next: 70%
Magic:  4/4        EV:  7    Int:  8    God:
Gold:   60         SH:  0    Dex: 15    Spells: 3/3 levels left

rFire   . . .        a - +0 war axe
rCold   . . .        (no shield)
rNeg    . . .        o - +0 chain mail
rPois   .            c - +0 helmet
rElec   .            k - +0 cloak
rCorr   .            (no gloves)
SInv    +            (no boots)
Will    .....        (no amulet) Stlth
                     f - ring of see invisible
HPRegen 0.25/turn    (no ring)
MPRegen 0.09/turn

%: no passive effects
@: on fire, glowing
A: slimy green scales 1, foul stench 1
a: no special abilities


You were on level 3 of the Dungeon.
You visited 1 branch of the dungeon, and saw 3 of its levels.

You collected 120 gold pieces.
You spent 60 gold pieces at shops.

Inventory:

Hand Weapons
 a - a +0 war axe (weapon)
 b - a +4 mace of protection
 g - a +3 quarterstaff of chaos
 i - a +0 hand axe
Missiles
 d - a throwing net (quivered)
 e - a javelin
Armour
 c - a +0 helmet (worn)
 k - a +0 cloak (worn)
 o - a +0 chain mail (worn)
Jewellery
 f - a ring of see invisible (left hand)
Scrolls
 p - a scroll of revelation
 r - 3 scrolls of noise
 s - a scroll of identify {unknown}
Potions
 h - 2 potions of cancellation {unknown}
 j - a potion of enlightenment {unknown}
 l - a potion of berserk rage {unknown}
 m - 2 potions of curing
 n - a potion of might {unknown}
 q - a potion of ambrosia {unknown}


   Skills:
 + Level 3.3 Fighting
 * Level 4.3 Axes
 - Level 1.7 Throwing
 - Level 2.6 Dodging


You had 3 spell levels left.
You didn't know any spells.
Your spell library contained the following spells:

 Spells                   Type           Power      Damage    Failure   Level
 Magic Dart               Conj           0%         1d3       99%         1
 Searing Ray              Conj           0%         2d4       100%        2
 Hailstorm                Conj/Ice       0%         3d5       100%        3
 Summon Ice Beast         Ice/Summ       0%         N/A       100%        3
 Fulminant Prism          Conj/Alch      0%         3d5       100%        4
 Permafrost Eruption      Ice/Erth       0%         2x4d1     100%        6
 Sculpt Simulacrum        Ice/Alch       0%         N/A       100%        6


Dungeon Overview and Level Annotations

Branches:
Dungeon (3/15)

Altars:
Hepliaklqana
Sif Muna

Shops:
D:3 *


Innate Abilities, Weirdness & Mutations

You are partially covered in slimy green scales. (AC +2)
You may rarely emit foul miasma when damaged in melee.


Message History

No target in view!
No target in view!
No target in view!
No target in view!
No target in view!
No target in view!
s - a scroll labelled RADEFODWOT A bombardier beetle comes into view.
You see here a scroll labelled RADEFODWOT.
The bombardier beetle sprays incendiary fluid at you.
The burning spray hits you.
You are covered in liquid fire!
You shake off some of the fire as you move.
The liquid fire burns you!
You completely miss the bombardier beetle.
The liquid fire burns you!
You closely miss the bombardier beetle. The liquid fire burns you!
The bombardier beetle sprays incendiary fluid at you.
The burning spray hits you.
You are even more covered in liquid fire!
You hit the bombardier beetle but do no damage.
The liquid fire burns you!
The bombardier beetle barely misses you.
You slash the bombardier beetle!
The bombardier beetle is heavily wounded.
The liquid fire burns you!
The bombardier beetle completely misses you.
You hit the bombardier beetle but do no damage.
The bombardier beetle is heavily wounded.
The liquid fire burns you!
* * * LOW HITPOINT WARNING * * *
You slash the bombardier beetle!
The bombardier beetle is almost dead.
The liquid fire burns you!
* * * LOW HITPOINT WARNING * * *
The bombardier beetle bites you but does no damage.
You shake off some of the fire as you move.
The liquid fire burns you!
You die...

## #.........._ ..#
#..#####.#.. #.# #..#
#.##. #.# ##..# #.###
#.####...# #.###
#.#....#.#####.##( #
#.#.##.......#<...
####.###.?..#.#.###.####.
#.......@.#.....# ##
......B.......### #
#.########.#..# #.#..#
#### #.#..# .... #.#..#
### #### .#.... ....####
#..## ###..... ##..
........


You could see a bombardier beetle.

Vanquished Creatures
  Crazy Yiuf (D:2)
  Terence (D:2)
  An adder (D:2)
  2 dart slugs (D:1)
  6 bats
  2 endoplasms
  3 giant cockroaches
  6 hobgoblins
  2 jackals (D:1)
  7 kobolds
  A quokka (D:1)
  3 ball pythons (D:1)
  3 frilled lizards
  7 goblins
  5 rats
50 creatures vanquished.

Notes
Turn   | Place    | Note
-------+----------+-------------------------------------------
     0 | D:1      | Orlauf the Demonspawn Gladiator began the quest for the
                  | Orb.
     0 | D:1      | Reached XP level 1. HP: 16/16 MP: 1/1
    26 | D:1      | Reached skill level 3 in Axes
    29 | D:1      | Gained mutation: You are partially covered in slimy green
                  | scales. (AC +2) [demonic ancestry]
    29 | D:1      | Reached XP level 2. HP: 20/22 MP: 2/2
   267 | D:1      | Gained mutation: You may rarely emit foul miasma when
                  | damaged in melee. [demonic ancestry]
   267 | D:1      | Reached XP level 3. HP: 28/28 MP: 3/3
   788 | D:2      | Noticed an eye of devastation
   790 | D:2      | Found a faded altar of an unknown god.
   792 | D:2      | Noticed a shining eye
   792 | D:2      | Noticed a great orb of eyes
   792 | D:2      | Noticed an eye of devastation
   955 | D:2      | Found a runed translucent door.
   956 | D:2      | Noticed Crazy Yiuf
   964 | D:2      | Killed Crazy Yiuf
   965 | D:2      | Reached skill level 4 in Axes
   965 | D:2      | Reached XP level 4. HP: 35/35 MP: 4/4
  1006 | D:2      | Noticed Terence
  1018 | D:2      | Killed Terence
  1469 | D:3      | Found a hazy altar of Hepliaklqana.
  1574 | D:3      | Found Nairph's General Store.
  1583 | D:3      | Bought a potion of curing for 36 gold pieces
  1583 | D:3      | Bought 2 potions of degeneration for 24 gold pieces
  1624 | D:3      | Found a shimmering blue altar of Sif Muna.
  1671 | D:3      | Incinerated by a bombardier beetle

Illustrated notes

Levels and vault maps discovered:
D:1:      wander_arrival_chamber, layout_rooms, hex_large
D:2:      layout_loops_corners, serial_bayou, serial_bayou_lagoon_a,
          serial_bayou_pond_d, serial_bayou_shore_a, serial_bayou_pond_e,
          hellmonk_ecumenical_altar_watching_god, grunt_decor_cap,
          nicolae_underground_beach, uniq_crazy_yiuf_cottage, uniq_terence
D:3:      layout_loops_ring, nicolae_hepliaklqana_hazy_memory, led_sif_book,
          cheibriados_altar_1, serial_shops, nicolae_shop_trees,
          kennysheep_generic_room_9

Skill      XL: |  1  2  3 |
---------------+----------+-----
Axes           | 3 4 |  4.3
Fighting       | 3 |  3.3
Throwing       | |  1.7
Dodging        | |  2.6

Action                     |  1- 3 |  4- 6 || total
---------------------------+-------+-------++-------
  Melee: War axe           |   115 |    31 ||   146
  Throw: Throwing net      |     1 |     1 ||     2
    Use: Scroll            |     4 |       ||     4
   Stab: Held in net/web   |     1 |       ||     1
 Armour: Leather armour    |    88 |     3 ||    91
         Chain mail        |       |     9 ||     9
  Dodge: Dodged            |    87 |    12 ||    99

Table legend: (Time is in decaauts)
 A = Elapsed time spent in this place.
 B = Non-inter-level travel time spent in this place.
 C = Inter-level travel time spent in this place.
 D = Time resting spent in this place.
 E = Time spent auto-exploring this place.
 F = Levels seen in this place.
 G = Mean time per level.
                   A        B        C        D        E       F      G
               +--------+--------+--------+--------+--------+-----+--------+
         Total |   1740 |   1685 |     55 |      0 |   1280 |   3 |  580.0 |
       Dungeon |   1740 |   1685 |     55 |      0 |   1280 |   3 |  580.0 |
               +--------+--------+--------+--------+--------+-----+--------+

Top non-repeatable levels by time:
     D:2: 942 daAuts
     D:1: 584 daAuts
     D:3: 213 daAuts
